 Dungeon Crawl Stone Soup version 0.22.1-1-ga44c0e5 (webtiles) character file.

753 Irenicus the Cleaver (level 7, -5/61 HPs)
             Began as a Deep Dwarf Monk on Oct 6, 2018.
             Slain by a wraith (6 damage)
             ... in an ossuary.
             The game lasted 00:13:09 (2048 turns).

Irenicus the Cleaver (Deep Dwarf Monk)              Turns: 2048, Time: 00:13:09

Health: -5/61      AC:  7    Str: 14    XL:     7   Next: 49%
Magic:  7/7        EV: 13    Int: 11    God:
Gold:   101        SH:  0    Dex: 17    Spells: 6/6 levels left

rFire    . . .     SeeInvis .   a - +0 hand axe
rCold    . . .     Gourm    .   (no shield)
rNeg     . . .     Faith    .   h - +0 leather armour
rPois    .         Spirit   .   n - +0 helmet
rElec    .         Reflect  .   i - scarf {cloud immunity}
rCorr    .         Harm     .   m - +2 pair of gloves
MR       +....                  (no boots)
Stlth    ++........             (no amulet)
HPRegen  0.00/turn              (no ring)
MPRegen  0.10/turn              (no ring)

@: non-regenerating, slowed, very slow
A: damage resistance, heal wounds, sense surroundings 1, no regeneration
a: Heal Wounds


You were in an ossuary.
You were very hungry.

You visited 1 branch of the dungeon, and saw 4 of its levels.
You also visited: Ossuary.

You collected 101 gold pieces.

Inventory:

Hand Weapons
 a - a +0 hand axe (weapon)
Armour
 h - a +0 leather armour (worn)
   (You found it on level 1 of the Dungeon)
 i - a scarf of cloud immunity (worn)
   (You found it on level 1 of the Dungeon)
 m - a +2 pair of gloves (worn)
   (You found it on level 2 of the Dungeon)
 n - a +0 helmet (worn)
   (You found it on level 2 of the Dungeon)
Wands
 e - a wand of random effects (5)
   (You took it off Duvessa on level 4 of the Dungeon)
Scrolls
 b - 4 scrolls of teleportation
 d - a scroll of enchant weapon {unknown}
 f - 2 scrolls of remove curse
 k - a scroll of magic mapping {!r}
 l - 2 scrolls of immolation {!r}
 p - a scroll of amnesia {unknown}
Potions
 g - a potion of curing
 j - 2 potions of agility
 o - a potion of might
Comestibles
 c - 11 rations


   Skills:
 - Level 2.6 Fighting
 + Level 9.7 Axes
 - Level 3.2 Dodging
 - Level 2.4 Stealth


You had 6 spell levels left.
You didn't know any spells.
Your spell library was empty.

Dungeon Overview and Level Annotations

Branches:
Dungeon (4/15)
 Temple: D:4-7

Altars:
Dithmenos
Fedhas
Gozag
Kikubaaqudgha
Nemelex Xobeh
Wu Jian
Zin

Shops:
D:4 %


Innate Abilities, Weirdness & Mutations

You are resistant to damage.
You can heal yourself by infusing magical energy.
You passively map a small area around you.
You do not regenerate.


Message History

You see here a potion of might.
o - a potion of might
There is an open door here.
You open the door.
There is an open door here.
You see here a scroll labeled AFRIOS WEUWUMAEPT.
p - a scroll labeled AFRIOS WEUWUMAEPT
There is an open door here.
As you open the door, it creaks loudly!
There is an open door here.
You see here a potion of agility.
j - 2 potions of agility (gained 1)
There is an open door here.
You found a needle trap!
As you open the door, it creaks loudly!
There is an open door here.
You see here a murky golden potion.
q - a murky golden potion
There is an open door here.
An arrow shoots out and hits you!
* * * LOW HITPOINT WARNING * * *
There is an arrow trap here.
You take 9 damage, and have 8/61 hp.
You open the door.
A mummy comes into view.
You close the door.
It was a potion of ambrosia.
You are confused.
You feel invigorated.
You regained 3 hp, and now have 11/61 hp.
You regained 4 hp, and now have 15/61 hp.
You regained 4 hp, and now have 19/61 hp.
You feel less invigorated.
You feel less confused.
You regained 4 hp, and now have 23/61 hp.
You open the door.
A mummy comes into view.
You close the door.
You open the door.
A wraith comes into view.
Aim: a wraith The puff of frost hits the wraith.
The wraith resists.
The wraith hits you but does no damage.
Aim: a wraith (lightly damaged)
The bolt of negative energy hits the wraith.
The wraith completely resists.
The wraith misses you.
Here: a wraith (lightly damaged)
An open door.
Aim: a wraith (lightly damaged)
The wraith flickers and vanishes!
Something hits you!
* * * LOW HITPOINT WARNING * * *
You take 6 damage, and have 17/61 hp.
Nothing appears to happen.
Something hits you. Something drains your vigour!
You feel yourself slow down.
Nothing appears to happen.
Something hits you!
* * * LOW HITPOINT WARNING * * *
You take 9 damage, and have 8/61 hp.
Okay, then.
You feel much better. Something hits you. Something drains your vigour!
You feel as though you will be slow longer.
Something hits you!
You regained 24 hp, and now have 32/61 hp.
The mass of ice explodes!
The iceblast engulfs something.
The iceblast engulfs you! Something hits you but does no damage.
You take 3 damage, and have 29/61 hp.
Nothing appears to happen.
Something barely misses you.
Nothing appears to happen.
Something hits you! Something drains your vigour!
You feel as though you will be slow longer.
You take 7 damage, and have 22/61 hp.
Nothing appears to happen.
Something hits you. Something drains your vigour!
You feel as though you will be slow longer.
You take 1 damage, and have 21/61 hp.
You can't see that place. [a rock wall.]
You can't see that place.
Okay, then.
Unknown command.
The bolt of poison hits something.
Something hits you but does no damage. Something hits you.
Aim: a mummy Nothing appears to happen.
Something hits you.
* * * LOW HITPOINT WARNING * * *
Something drains your vigour!
You feel as though you will be slow longer.
You take 5 damage, and have 16/61 hp.
Aim: a mummy The bolt of negative energy hits something.
The bolt of negative energy hits the mummy.
The mummy completely resists.
Something hits you!
* * * LOW HITPOINT WARNING * * *
You take 7 damage, and have 9/61 hp.
Aim: a mummy The fireball explodes!
The fireball engulfs something.
The fireball engulfs you!
* * * LOW HITPOINT WARNING * * *
The fireball engulfs the mummy.
The mummy is burned terribly!
Something barely misses you.
You take 8 damage, and have 1/61 hp.
You fail to use your ability.
The mummy barely misses you. Something hits you!
You die...

*********###############
,,,,,,,,,..............#
,,,,,,,,,.......@......#
,,***,,**#..###M{####..#
..*,*..#,#.,*,#...'?#,.#
..#+#..#+#..#+#..####..#
..#.#..#.#..#.#........#
.......................#
.......###.......####..#
...8...#.#...8....+M#,.#
.......#'#.......####..#


You could see a mummy.

Vanquished Creatures
  Grinder (D:3)
  Duvessa (D:4)
  A big kobold (D:4)
  Dowan (D:4)
  A scorpion (D:4)
  A centaur skeleton (D:3)
  An orc priest (D:4)
  Jessica (D:3)
  An iguana (D:4)
  2 worker ants (D:4)
  A mummy (Ossuary)
  Robin (D:4)
  4 adders (D:3)
  A worm (D:3)
  A dart slug (D:1)
  2 leopard geckos
  4 orcs (D:4)
  A giant cockroach (D:4)
  A gnoll zombie (Ossuary)
  11 goblins
  3 hobgoblins
  A ball python (D:4)
  5 bats
  3 frilled lizards
  3 goblin zombies (Ossuary)
  A hobgoblin zombie (Ossuary)
  27 kobolds
  2 kobold zombies (Ossuary)
  5 rats
  A plant (D:4)
89 creatures vanquished.

Notes
Turn   | Place    | Note
-------+----------+-------------------------------------------
     0 | D:1      | Irenicus the Deep Dwarf Monk began the quest for the Orb.
     0 | D:1      | Reached XP level 1. HP: 20/20 MP: 1/1
   368 | D:1      | Reached skill level 4 in Axes
   368 | D:1      | Reached XP level 2. HP: 21/27 MP: 2/2
   722 | D:2      | Found an ornate altar of the Wu Jian Council.
   758 | D:3      | Found an opulent altar of Gozag.
   777 | D:3      | Reached XP level 3. HP: 16/33 MP: 3/3
   901 | D:3      | Noticed Jessica
   916 | D:3      | Reached skill level 5 in Axes
   926 | D:3      | Reached XP level 4. HP: 20/40 MP: 4/4
   943 | D:3      | Killed Jessica
  1056 | D:3      | Noticed Grinder
  1069 | D:3      | Paralysed by Grinder for 6 turns
  1085 | D:3      | HP: 7/40 [Grinder/nerve-wracking pain (7)]
  1102 | D:3      | HP: 8/40 [Grinder (8)]
  1104 | D:3      | Killed Grinder
  1104 | D:3      | Reached skill level 7 in Axes
  1104 | D:3      | Reached XP level 5. HP: 28/46 MP: 5/5
  1104 | D:3      | Reached XP level 6. HP: 34/55 MP: 6/6
  1238 | D:3      | Found a faded altar of an unknown god.
  1311 | D:3      | Found a faded altar of an unknown god.
  1311 | D:3      | Found a shadowy altar of Dithmenos.
  1316 | D:3      | Found an ancient bone altar of Kikubaaqudgha.
  1319 | D:3      | Found a blossoming altar of Fedhas.
  1320 | D:3      | Found a glowing silver altar of Zin.
  1427 | D:4      | Found a sparkling altar of Nemelex Xobeh.
  1471 | D:4      | HP: 13/55 [kobold (1)]
  1488 | D:4      | Reached skill level 8 in Axes
  1682 | D:4      | Noticed Robin
  1685 | D:4      | HP: 12/55 [goblin/uncursed dagger[Robin] (2)]
  1693 | D:4      | Killed Robin
  1727 | D:4      | HP: 12/55 [orc/club (2)]
  1742 | D:4      | Reached XP level 7. HP: 42/61 MP: 7/7
  1786 | D:4      | Noticed Duvessa
  1786 | D:4      | Noticed Dowan
  1816 | D:4      | Killed Duvessa
  1816 | D:4      | Reached skill level 9 in Axes
  1819 | D:4      | Killed Dowan
  1825 | D:4      | Found Agecimumo's Food Emporium.
  1844 | D:4      | Found a sand-covered staircase.
  1856 | Ossuary  | Entered an ossuary
  1856 | Ossuary  | Noticed a wraith
  1856 | Ossuary  | Noticed a wraith
  1856 | Ossuary  | Noticed a wraith
  1906 | Ossuary  | HP: 7/61 [mummy (10)]
  2009 | Ossuary  | HP: 8/61 [arrow trap (9)]
  2031 | Ossuary  | Noticed a wraith
  2036 | Ossuary  | HP: 8/61 [something (9)]
  2046 | Ossuary  | HP: 9/61 [something (7)]
  2047 | Ossuary  | HP: 1/61 [shot self (8)]
  2048 | Ossuary  | Slain by a wraith

Skill      XL: |  1  2  3  4  5  6  7 |
---------------+----------------------+-----
Axes           | 4 5 7 8 9 |  9.7
Fighting       | |  2.6
Dodging        | |  3.2
Stealth        | |  2.4

Action                   |  1- 3 |  4- 6 |  7- 9 || total
-------------------------+-------+-------+-------++-------
Melee: Hand axe          |   101 |   222 |    75 ||   398
 Abil: Heal Wounds       |       |     4 |     2 ||     6
Evoke: Wand              |       |       |    13 ||    13
  Use: Potion            |     2 |     2 |     2 ||     6
       Scroll            |     1 |     3 |     1 ||     5
 Stab: Sleeping          |     6 |     3 |     1 ||    10
       Distracted        |     1 |       |       ||     1
  Eat: Chunk             |       |     3 |       ||     3
Armor: Leather armour    |    22 |    47 |    12 ||    81
       Robe              |     5 |       |       ||     5
Dodge: Dodged            |    57 |   132 |    39 ||   228

Vault maps used:
D:1:      mainiacjoe_arrival_reflecting_pool, hangedman_decor_diamond_cutter
D:2:      overflow_temple_1_default
D:3:      chequers_temple_overflow_minitemple, nicolae_gozag_seed_capital,
          chequers_ecumenical_altar_twisty, first_ration, uniq_jessica,
          uniq_ijyb, uniq_grinder
D:4:      kennysheep_kobold_camp, nemelex_altar_shiori, serial_shops, shop,
          lightli_ossuary_entry_decrepit_ruins, minmay_quantized, uniq_duvessa,
          uniq_robin, uniq_edmund
Ossuary:  ossuary_kennysheep_city_of_the_dead

Table legend:
 A = Turns spent in this place as a percentage of turns spent in the entire game.
 B = Non-inter-level travel turns spent in this place as a percentage of non-inter-level travel turns spent in the entire game.
 C = Inter-level travel turns spent in this place as a percentage of turns spent in this place.
 D = Turns resting spent in this place as a percentage of non-inter-level travel turns spent in this place.
 E = Turns spent auto-exploring this place as a percentage of non-inter-level travel turns spent in this place.
 F = Non-inter-level travel turns spent in this place divided by the number of levels of this place that you've seen.
                   A       B       C       D       E      F
               +-------+-------+-------+-------+-------+----------------------
         Total | 100.0 | 100.0 |   1.2 |   0.0 |   0.0 | 404.8
       Dungeon |  90.6 |  90.5 |   1.3 |   0.0 |   0.0 | 458.0
       Ossuary |   9.4 |   9.5 |   0.0 |   0.0 |   0.0 | 192.0
               +-------+-------+-------+-------+-------+----------------------

Table legend:
 A = Kills in this place as a percentage of kills in entire the game.
 B = Kills by you in this place as a percentage of kills by you in the entire game.
 C = Kills by friends in this place as a percentage of kills by friends in the entire game.
 D = Other kills in this place as a percentage of other kills in the entire game.
 E = Experience gained in this place as a percentage of experience gained in the entire game.
 F = Experience gained in this place divided by the number of levels of this place that you have seen.
                   A       B       C       D       E      F
               +-------+-------+-------+-------+-------+----------------------
         Total | 100.0 | 100.0 |   N/A |   N/A | 100.0 | 215.2
       Dungeon |  90.9 |  90.9 |   N/A |   N/A |  97.6 | 262.5
       Ossuary |   9.1 |   9.1 |   N/A |   N/A |   2.4 |  26.0
               +-------+-------+-------+-------+-------+----------------------
